Map: 2000 Atmospheres LE

Players

Azreark

  • Race: Protoss Protoss
  • League: Silver

ViBE - Winner!

  • Race: Zerg Zerg
  • League: Platinum

VOD

Have the link to the VOD?

Description

Time

  • Played on: April 6, 2021, 5:21 p.m.
  • Length: 13:43
Show
View Real Time Build Order
Export as new Build Order

Azreark Protoss 

Build Orders: Archon Immortal 

Get SALT Encoding   

  12  0:01  Probe  
  13  0:13  Probe  
  14  0:18  Pylon  
  14  0:25  Probe  
  15  0:42  Gateway  
  15  0:47  Probe (Chrono Boost)  
  16  0:50  Assimilator  
  16  0:55  Pylon  
  16  0:59  Probe (Chrono Boost)  
  17  1:06  Probe (Chrono Boost)  
  18  1:15  Gateway  
  18  1:29  Cybernetics Core  
  18  1:31  Probe (Chrono Boost)  
  20  1:40  Probe (Chrono Boost)  
  20  1:45  Probe (Chrono Boost)  
  21  1:55  Assimilator  
  21  2:09  Nexus  
  21  2:19  Adept  
  21  2:20  Adept  
  25  2:33  Probe (Chrono Boost), Warp Gate (Chrono Boost)  
  26  2:43  Probe (Chrono Boost)  
  27  2:48  Probe (Chrono Boost)  
  28  3:03  Probe  
  28  3:12  Twilight Council  
  28  3:13  Forge  
  28  3:14  Gateway  
  28  3:15  Probe  
  25  3:42  Robotics Facility  
  25  3:52  Robotics Facility  
  25  3:55  Shield Battery  
  25  4:00  Shield Battery, Probe x2  
  25  4:01  Protoss Ground Weapons Level 1 (Chrono Boost)  
  27  4:12  Probe (Chrono Boost)  
  27  4:13  Probe (Chrono Boost)  
  27  4:15  Stalker  
  27  4:16  Stalker  
  35  4:24  Probe (Chrono Boost)  
  35  4:30  Probe (Chrono Boost)  
  35  4:32  Immortal  
  35  4:36  Probe  
  40  4:44  Immortal  
  44  4:52  Probe x2  
  46  5:06  Pylon  
  46  5:10  Assimilator  
  46  5:22  Pylon  
  46  5:25  Probe x2  
  46  5:26  Pylon  
  46  5:28  Assimilator  
  48  5:29  Stalker x2  
  48  5:30  Stalker  
  54  5:40  Pylon  
  55  5:50  Probe x2  
  56  6:02  Probe x2  
  58  6:20  Immortal x2  
  58  6:22  Stalker x2  
  58  6:23  Stalker  
  72  6:47  Nexus  
  72  6:49  Pylon  
  72  6:53  Stargate  
  72  6:54  Stargate  
  72  6:59  Probe x2  
  74  7:11  Observer, Probe x2  
  74  7:12  Observer  
  78  7:15  Pylon  
  78  7:19  Pylon  
  78  7:22  Gateway  
  78  7:23  Gateway  
  72  7:47  Zealot x3  
  78  7:54  Oracle x2  
  84  8:00  Templar Archives  
  84  8:03  Gateway  
  84  8:04  Gateway  
  84  8:07  Gateway  
  84  8:08  Charge (Chrono Boost)  
  84  8:10  Pylon, Probe  
  84  8:11  Probe x2  
  84  8:12  Assimilator  
  87  8:16  Assimilator  
  87  8:17  Zealot x3  
  87  8:18  Zealot  
  95  8:20  Protoss Shields Level 1 (Chrono Boost)  
  95  8:42  Probe x2  
  98  8:48  Probe  
  98  8:54  Probe x2  
  100  8:56  High Templar  
  100  8:57  High Templar x2  
  100  8:59  Zealot x4  
  100  9:00  Probe  
  100  9:01  Archon  
  112  9:24  Oracle x2  
  112  9:30  High Templar  
  120  9:32  Zealot x2  
  124  9:40  Archon  
  124  9:43  Probe  
  125  9:45  Pylon  
  125  9:48  Pylon  
  125  9:50  Pylon  
  125  9:55  Pylon  
  125  9:58  Pylon  
  125  10:01  Forge  
  125  10:03  Probe  
  125  10:04  Forge  
  125  10:05  Pylon  
  126  10:08  High Templar x3  
  126  10:09  High Templar  
  126  10:10  Zealot x4  
  126  10:12  Archon x2  
  142  10:28  Observer  
  142  10:29  Observer  
  142  10:34  Zealot x2  
  142  10:35  Zealot x2  
  151  10:38  Protoss Ground Weapons Level 2 (Chrono Boost)  
  151  10:39  Protoss Ground Armor Level 1 (Chrono Boost)  
  151  10:47  Protoss Shields Level 2 (Chrono Boost)  
  152  10:50  Observer x2  
  153  11:02  Oracle  
  156  11:28  Gateway  
  156  11:29  Gateway  
  156  11:32  Gateway  
  156  11:33  Gateway  
  156  11:39  Shield Battery  
  156  11:41  Shield Battery  
  156  11:43  Shield Battery  
  156  11:44  Shield Battery  
  156  11:45  Shield Battery  
  156  11:47  Shield Battery  
  116  12:04  Zealot  
  116  12:05  Zealot x7  
  50  12:27  Zealot x5  
  50  12:28  Zealot x6  
  54  12:48  Probe x3 (Chrono Boost)  
  57  12:57  High Templar x4, Probe (Chrono Boost)  
  57  12:58  High Templar x7, Probe x2 (Chrono Boost)  
  76  13:02  Probe x2 (Chrono Boost)  
  76  13:03  Archon x4  
  76  13:04  Archon  
  84  13:09  Assimilator  
  84  13:12  Pylon  
  84  13:27  Shield Battery  
  84  13:29  Shield Battery  
  84  13:30  Shield Battery  
  84  13:31  Zealot x9  
Show
View Real Time Build Order
Export as new Build Order

ViBE Zerg - Winner!

Build Orders: Hatch First, Roach Hydra 

Get SALT Encoding   

  12  0:00  Drone  
  13  0:13  Overlord  
  13  0:18  Drone  
  14  0:31  Drone x2  
  16  0:49  Hatchery  
  15  0:51  Drone  
  15  0:57  Drone  
  17  1:01  Drone  
  18  1:12  Spawning Pool  
  18  1:18  Drone  
  18  1:22  Drone  
  19  1:29  Drone  
  20  1:42  Extractor  
  20  1:45  Drone  
  20  2:02  Queen  
  20  2:03  Queen  
  20  2:04  Drone x3  
  27  2:15  Drone  
  28  2:23  Overlord  
  28  2:32  Spine Crawler  
  28  2:33  Drone  
  28  2:41  Drone x3  
  28  2:42  Queen  
  33  2:44  Drone  
  33  2:45  Drone  
  33  2:47  Lair  
  35  2:56  Overlord  
  35  2:58  Overlord  
  35  3:06  Drone  
  36  3:15  Drone x4  
  36  3:16  Drone  
  36  3:17  Drone x2  
  43  3:22  Drone  
  43  3:23  Roach Warren, Evolution Chamber  
  42  3:30  Drone  
  42  3:31  Drone  
  43  3:41  Drone  
  43  3:42  Drone  
  43  3:44  Extractor, Drone  
  43  3:45  Extractor, Drone  
  45  3:51  Drone  
  45  3:52  Drone x4  
  50  4:02  Hatchery  
  49  4:09  Glial Reconstitution  
  49  4:10  Zerg Missile Weapons Level 1, Overlord  
  49  4:17  Queen  
  51  4:31  Overlord  
  51  4:32  Roach x3  
  51  4:33  Roach  
  51  4:37  Overlord x2  
  59  4:43  Overlord x2  
  59  4:48  Overlord  
  59  4:56  Roach  
  59  4:57  Roach x2  
  59  4:59  Drone x4  
  69  5:14  Drone  
  69  5:15  Drone x2  
  69  5:20  Drone  
  69  5:21  Drone x7  
  80  5:25  Hydralisk Den  
  80  5:26  Evolution Chamber  
  80  5:27  Drone  
  79  5:30  Extractor  
  79  5:32  Drone x2  
  80  5:37  Drone  
  80  5:41  Overlord  
  81  5:52  Extractor  
  81  5:54  Extractor  
  81  5:55  Drone x11  
  90  5:59  Hatchery  
  90  6:03  Hydralisk x3  
  85  6:06  Grooved Spines  
  79  6:18  Hydralisk x3  
  81  6:26  Hydralisk  
  81  6:27  Hydralisk  
  85  6:36  Hydralisk x2  
  89  6:43  Hydralisk x2  
  89  6:44  Hydralisk  
  89  6:45  Hatchery, Hydralisk  
  96  6:47  Hydralisk  
  98  6:58  Overlord x2  
  98  6:59  Hydralisk x2  
  102  7:03  Zerg Missile Weapons Level 2  
  102  7:17  Muscular Augments  
  102  7:20  Queen  
  104  7:27  Hydralisk  
  104  7:28  Hydralisk x5  
  104  7:47  Drone x9  
  113  7:54  Drone x3  
  113  7:57  Queen  
  118  8:04  Zerg Ground Armor Level 1  
  118  8:07  Extractor  
  118  8:08  Extractor, Drone x5  
  118  8:10  Drone  
  122  8:19  Overlord x2  
  122  8:25  Overlord x2  
  122  8:35  Drone x13  
  135  8:47  Drone x6  
  141  8:53  Roach x2  
  141  8:54  Roach  
  141  8:55  Hatchery  
  146  8:56  Infestation Pit  
  145  9:06  Roach x10  
  165  9:15  Spore Crawler  
  165  9:16  Spore Crawler, Drone  
  160  9:19  Spore Crawler  
  160  9:21  Drone  
  160  9:22  Spore Crawler  
  156  9:24  Drone  
  156  9:25  Drone x5  
  162  9:31  Drone x2  
  162  9:32  Drone  
  162  9:33  Drone x2  
  162  9:36  Overlord x3  
  162  9:37  Overlord  
  167  9:38  Hive  
  167  9:55  Overseer  
  167  9:56  Overseer  
  167  9:58  Hydralisk x12  
  191  10:11  Hydralisk  
  191  10:12  Hydralisk x3  
  199  10:14  Drone  
  199  10:20  Zerg Ground Armor Level 2  
  200  11:48  Hatchery  
  173  12:05  Roach x15  
  157  12:22  Extractor  
  146  12:24  Extractor  
  146  12:25  Drone x3  
  146  12:28  Roach x2, Hydralisk x16  
  146  12:29  Hydralisk x8  
  200  12:31  Overseer x2  
  178  12:44  Hydralisk x10  
  178  12:45  Hydralisk x2  
  200  13:00  Lurker Den  
Tags
 
Add a new tag
Caveats
  • Supply blocks, unpowered buildings, or Contaminate may cause inaccurate times.
  • Supply counts are checked every 10 seconds.